[Event "AUT-ch U16-Open 2025"]
[Site "Fuerstenfeld"]
[Date "2025.04.16"]
[Round "6.1"]
[White "Benedikt, Noah"]
[Black "Ortner, Sebastian"]
[Result "1-0"]
[Annotator "NA RC"]
[ECO "D05"]
[WhiteElo "1976"]
[BlackElo "1925"]
[PlyCount "93"]
[EventDate "2025.04.12"]
[EventType "swiss"]
[EventCountry "AUT"]
[SourceTitle "playchess.com"]
[Source "ChessBase"]
[SourceQuality "1"]
[TimeControl "5400+30"]

1. d4 d5 2. Nf3 Nf6 3. e3 e6 4. Bd3 c5 5. b3 Bd6 6. O-O O-O 7. Nbd2 Nc6 8. Bb2 b6 9. Ne5 Bb7 10. a3 Rc8 11. f4 Qc7 12. Rf3 Ne7 13. Rh3 Ne4 14. Qh5 h6 15. dxc5 bxc5 16. Ng4 f6 17. Bxe4 dxe4 18. Nxh6+ gxh6 19. Qxh6 Nf5 20. Qh8+ Kf7 21. Rh7+ Ke8 22. Rxc7 Rxc7 23. Qh5+ Kd8 24. Nc4 Be7 25. Rd1+ Kc8 26. g4 Ng7 27. Qg6 Ne8 28. f5 exf5 29. Qxf5+ Kb8 30. Bc3 Ng7 31. Qg6 Ne6 32. Ba5 Rcc8 33. Rd7 Bd8 34. Rxb7+ Kxb7 35. Qxe4+ Kb8 36. Qxe6 Bxa5 37. Nxa5 Rc7 38. Qd6 Rg8 39. h3 Rh8 40. Qxf6 Rxh3 41. Qd8+ Rc8 42. Nc6+ Kb7 43. Qd7+ Rc7 44. Na5+ Kb8 45. Qb5+ Ka8 46. Qe8+ Rc8 47. Qxc8# 1-0

[Event "AUT-ch U16-Open 2025"]
[Site "Fuerstenfeld"]
[Date "2025.04.16"]
[Round "6.2"]
[White "Pausweg, Daniel"]
[Black "Stickler, Florentin"]
[Result "0-1"]
[Annotator "RC"]
[ECO "E01"]
[WhiteElo "2080"]
[BlackElo "2189"]
[PlyCount "84"]
[EventDate "2025.04.12"]
[EventType "swiss"]
[EventCountry "AUT"]
[SourceTitle "playchess.com"]
[Source "ChessBase"]
[SourceQuality "1"]
[TimeControl "5400+30"]

1. d4 Nf6 2. c4 e6 3. Nf3 d5 4. g3 dxc4 5. Qa4+ Bd7 6. Qxc4 Qc8 7. Bg2 c5 8. O-O b5 9. Qd3 c4 10. Qc2 Nc6 11. e4 Be7 12. a3 O-O 13. Bg5 Qc7 14. Nc3 b4 15. axb4 Nxb4 16. Qe2 Rfe8 17. Nd2 Rac8 18. e5 Nfd5 19. Nde4 Nd3 20. Nxd5 exd5 21. Bxe7 Rxe7 22. Nc3 Be6 23. Bxd5 Qb6 24. Qe4 Qxb2 25. Bxe6 fxe6 26. Na4 Qb4 27. Qe3 Rb7 28. h4 Rb5 29. Kg2 Qe7 30. Rfb1 Qb7+ 31. d5 Rxb1 32. Rxb1 Qxb1 33. dxe6 Qe1 34. Qxa7 Qe4+ 35. Kh2 Nxe5 36. Nc5 Ng4+ 37. Kg1 Qe1+ 38. Kg2 Qxf2+ 39. Kh3 Ne3 40. h5 Qg2+ 41. Kh4 Qh2+ 42. Kg5 Qxg3# 0-1

[Event "AUT-ch U16-Open 2025"]
[Site "Fuerstenfeld"]
[Date "2025.04.16"]
[Round "6.3"]
[White "Chen, Chicheng Leon"]
[Black "Nicolussi, Hieronymus"]
[Result "0-1"]
[Annotator "NA RC"]
[ECO "C03"]
[WhiteElo "2021"]
[BlackElo "1999"]
[PlyCount "44"]
[EventDate "2025.04.12"]
[EventType "swiss"]
[EventCountry "AUT"]
[SourceTitle "playchess.com"]
[Source "ChessBase"]
[SourceQuality "1"]
[TimeControl "5400+30"]

1. e4 e6 2. d4 d5 3. Nd2 Be7 4. e5 c5 5. c3 Nc6 6. Ndf3 Bd7 7. Bd3 f6 8. exf6 Nxf6 9. Ne2 O-O 10. O-O Nh5 11. Qc2 h6 12. Be3 cxd4 13. Nexd4 Bd6 14. Bg6 Nxd4 15. Bxd4 Rxf3 16. Bxh5 Qh4 17. h3 Qxh5 18. gxf3 e5 19. Be3 Bxh3 20. Rfd1 e4 21. Rxd5 Qxf3 22. Rg5 hxg5 0-1

[Event "AUT-ch U16-Open 2025"]
[Site "Fuerstenfeld"]
[Date "2025.04.16"]
[Round "6.4"]
[White "Squasi, Ernesto"]
[Black "Onipko, Mark"]
[Result "0-1"]
[Annotator "NA RC"]
[ECO "B15"]
[WhiteElo "1904"]
[BlackElo "1979"]
[PlyCount "96"]
[EventDate "2025.04.12"]
[EventType "swiss"]
[EventCountry "AUT"]
[SourceTitle "playchess.com"]
[Source "ChessBase"]
[SourceQuality "1"]
[TimeControl "5400+30"]

1. e4 c6 2. d4 d5 3. Nc3 e6 4. Nf3 Bb4 5. e5 c5 6. a3 Ba5 7. b4 cxb4 8. Nb5 h6 9. Nd6+ Kf8 10. Bd2 Nc6 11. axb4 Bc7 12. b5 Bxd6 13. exd6 Nb8 14. Bb4 Nd7 15. Bd3 Ngf6 16. O-O g6 17. Ne5 Kg7 18. c3 Nb6 19. Qc2 Nfd7 20. f4 f5 21. Rf3 Nxe5 22. dxe5 Bd7 23. g4 Qe8 24. Rg3 Kh7 25. Qe2 Nc4 26. Kf2 Rg8 27. Rag1 Qf7 28. g5 h5 29. Bxc4 dxc4 30. Qxc4 Rgc8 31. Qd3 b6 32. Ra1 Qe8 33. c4 a6 34. Rxa6 Rxa6 35. bxa6 Ra8 36. c5 bxc5 37. Bxc5 Qc8 38. Ba3 Rxa6 39. Qb3 Rc6 40. Re3 Rc4 41. Rf3 Rc2+ 42. Kg3 Qc6 43. Bb2 Qc5 44. Bd4 Qc6 45. Rf2 Rc4 46. Rd2 Rc1 47. Qb6 Rc3+ 48. Kf2 Qf3+ 0-1

[Event "AUT-ch U16-Open 2025"]
[Site "Fuerstenfeld"]
[Date "2025.04.16"]
[Round "6.5"]
[White "Prober, Raphael"]
[Black "Reichhuetter, Richard"]
[Result "0-1"]
[Annotator "NA RC"]
[ECO "B12"]
[WhiteElo "2131"]
[BlackElo "1916"]
[PlyCount "84"]
[EventDate "2025.04.12"]
[EventType "swiss"]
[EventCountry "AUT"]
[SourceTitle "playchess.com"]
[Source "ChessBase"]
[SourceQuality "1"]
[TimeControl "5400+30"]

1. e4 c6 2. d4 d5 3. e5 Bf5 4. Be3 Qb6 5. Qc1 e6 6. a4 Nd7 7. Nf3 a6 8. a5 Qc7 9. c3 c5 10. dxc5 Bxc5 11. Be2 Ne7 12. O-O Nxe5 13. Nxe5 Qxe5 14. Bxc5 Qxe2 15. Nd2 Qb5 16. b4 Qd7 17. Nf3 O-O 18. Qe3 Rfe8 19. Ne5 Qc7 20. Bb6 Qd6 21. Bc5 Qc7 22. Bb6 Qc8 23. g4 Bg6 24. h4 f6 25. Nxg6 Nxg6 26. h5 Ne5 27. Qg3 h6 28. Rad1 Qc6 29. Bd4 Nf7 30. f4 e5 31. fxe5 fxe5 32. Bc5 Rad8 33. Rf5 Ng5 34. Bb6 Rd7 35. Rdf1 e4 36. Qe3 Qe6 37. Bc5 Rf7 38. Kg2 Nf3 39. R5xf3 exf3+ 40. Rxf3 Qxg4+ 41. Rg3 Rxe3 42. Rxg4 Rxc3 0-1

[Event "AUT-ch U16-Open 2025"]
[Site "Fuerstenfeld"]
[Date "2025.04.16"]
[Round "6.6"]
[White "Taizhanov, Aissultan"]
[Black "Martinovic, David"]
[Result "1/2-1/2"]
[Annotator "NA RC"]
[ECO "C45"]
[WhiteElo "1952"]
[BlackElo "1968"]
[PlyCount "91"]
[EventDate "2025.04.12"]
[EventType "swiss"]
[EventCountry "AUT"]
[SourceTitle "playchess.com"]
[Source "ChessBase"]
[SourceQuality "1"]
[TimeControl "5400+30"]

1. e4 e5 2. Nf3 Nc6 3. d4 exd4 4. Nxd4 Nf6 5. Nxc6 bxc6 6. Nd2 Bc5 7. Nb3 Nxe4 8. Nxc5 Nxc5 9. Be3 Qe7 10. Qh5 d5 11. O-O-O Ne4 12. Bd3 Rb8 13. Bxe4 Qxe4 14. Bxa7 O-O 15. Bxb8 Bf5 16. Rd2 Rxb8 17. Qe2 Qxg2 18. Re1 Be4 19. f3 Qxf3 20. Qxf3 Bxf3 21. a4 Be4 22. b3 f5 23. Kb2 Kf7 24. a5 Ra8 25. Ra1 Ra6 26. b4 Ke7 27. h4 g6 28. Kb3 h6 29. c4 Kd7 30. b5 Ra7 31. Kb4 g5 32. hxg5 hxg5 33. Kc5 cxb5 34. cxb5 g4 35. Rh2 g3 36. Rh7+ Ke6 37. a6 g2 38. Rh8 f4 39. Kd4 f3 40. Ke3 Kd6 41. Rc1 Ke5 42. Rh5+ Kf6 43. Kf2 Kg6 44. Re5 Kf6 45. Rh5 Kg6 46. Re5 1/2-1/2

[Event "AUT-ch U16-Open 2025"]
[Site "Fuerstenfeld"]
[Date "2025.04.16"]
[Round "6.7"]
[White "Fuertler, Oliver"]
[Black "Brown, Julian"]
[Result "1/2-1/2"]
[Annotator "NA RC"]
[ECO "A13"]
[WhiteElo "2008"]
[BlackElo "1873"]
[PlyCount "107"]
[EventDate "2025.04.12"]
[EventType "swiss"]
[EventCountry "AUT"]
[SourceTitle "playchess.com"]
[Source "ChessBase"]
[SourceQuality "1"]
[TimeControl "5400+30"]

1. d4 Nf6 2. c4 e6 3. Nf3 b6 4. e3 Be7 5. Be2 O-O 6. O-O Bb7 7. Nbd2 c5 8. b3 d5 9. Bb2 Nc6 10. Rc1 cxd4 11. exd4 Ne4 12. Bd3 f5 13. cxd5 exd5 14. Ne5 Nxe5 15. dxe5 Bc5 16. a3 Qh4 17. Qe2 a5 18. Nf3 Qh5 19. Rc2 Rae8 20. Nd4 Qxe2 21. Rxe2 f4 22. Rc1 Ng5 23. Bb5 Re7 24. f3 Ne6 25. Rd1 Rc8 26. Kf1 Nxd4 27. Bxd4 Bxd4 28. Rxd4 Rc3 29. Rxf4 Rxb3 30. a4 Rc3 31. Rd4 Rc5 32. f4 Bc8 33. Red2 Be6 34. Kf2 Rec7 35. Bd3 g6 36. h3 Rc1 37. g4 Rh1 38. Bf1 Rc1 39. Bg2 Rhg1 40. Bxd5 Rcf1+ 41. Ke2 Bxd5 42. Rxd5 Rxf4 43. R2d4 Rgf1 44. Kd3 R4f3+ 45. Kc4 Rc1+ 46. Kb5 Rb3+ 47. Ka6 Rc5 48. e6 Rxd5 49. Rxd5 Kf8 50. Rb5 Rb4 51. Kxb6 Rxa4 52. Kc6 Rd4 53. Rxa5 Ke7 54. Kc5 1/2-1/2

[Event "AUT-ch U16-Open 2025"]
[Site "Fuerstenfeld"]
[Date "2025.04.16"]
[Round "6.8"]
[White "Keller, Niklas"]
[Black "Haselsberger, Armin"]
[Result "1-0"]
[Annotator "NA RC"]
[ECO "B13"]
[WhiteElo "1888"]
[BlackElo "2004"]
[PlyCount "93"]
[EventDate "2025.04.12"]
[EventType "swiss"]
[EventCountry "AUT"]
[SourceTitle "playchess.com"]
[Source "ChessBase"]
[SourceQuality "1"]
[TimeControl "5400+30"]

1. e4 c6 2. d4 d5 3. exd5 cxd5 4. Bd3 Nc6 5. c3 Qc7 6. Ne2 Bg4 7. O-O e6 8. Qe1 Bd6 9. f3 Bh5 10. Qh4 Bg6 11. Bxg6 fxg6 12. Nf4 Bxf4 13. Bxf4 Qd7 14. Nd2 Nf6 15. Nb3 b6 16. Rae1 O-O 17. h3 a5 18. Nc1 Rae8 19. Nd3 Re7 20. Re2 h6 21. Bh2 Kh7 22. Qf4 Rd8 23. Rfe1 Qc8 24. Qd2 Qd7 25. Nf4 g5 26. Qc2+ Kg8 27. Nxe6 Rde8 28. Nc7 Rxe2 29. Rxe2 Rxe2 30. Qxe2 Nd8 31. Qb5 Qxb5 32. Nxb5 Ne6 33. Nc7 Nf4 34. Bxf4 gxf4 35. a4 Kf7 36. Kf2 Ke7 37. Ke2 Kd7 38. Nb5 g5 39. Kd3 h5 40. c4 Kc6 41. Nc3 Kd6 42. Nxd5 Nxd5 43. cxd5 Kxd5 44. b3 h4 45. Kc3 Kd6 46. Kc4 Kc6 47. d5+ 1-0